 Dungeon Crawl Stone Soup version 0.31-a0-75-g6fe912e8c5 (webtiles) character file.

Game seed: 17289355031546204472

927 greasedhog the Skirmisher (level 8, -2/57 HPs)
             Began as a Formicid Hunter on May 24, 2023.
             Slain by an orc priest
             ... wielding a +0 flail
              (8 damage)
             ... on level 5 of the Dungeon.
             The game lasted 00:09:08 (5949 turns).

greasedhog the Skirmisher (Formicid Hunter)         Turns: 5949, Time: 00:09:09

Health: -2/57      AC:  8    Str: 16      XL:     8   Next: 32%
Magic:  8/8        EV:  7    Int:  9      God:
Gold:   382        SH: 15    Dex: 17 (19) Spells: 7/7 levels left

rFire   . . .        a - +0 shortbow
rCold   . . .        i - +0 tower shield
rNeg    . . .        j - +0 ring mail
rPois   .            (helmet unavailable)
rElec   .            (no cloak)
rCorr   .            z - +0 pair of gloves
SInv    +            A - +1 pair of boots
Will    .....        (no amulet)
Stlth   +            (no ring)
HPRegen 0.29/turn    (no ring)
MPRegen 0.11/turn

%: no passive effects
@: no status effects
A: permanent stasis, dig shafts and tunnels, antennae 3, four strong arms
a: Dig, Shaft Self


You were on level 5 of the Dungeon.
You visited 1 branch of the dungeon, and saw 5 of its levels.

You collected 382 gold pieces.

Inventory:

Hand Weapons
 a - a +0 shortbow (weapon)
 p - a +1 dagger of venom
Armour
 i - a +0 tower shield (worn)
 j - a +0 ring mail (worn)
 z - a +0 pair of gloves (worn)
 A - a +1 pair of boots (worn)
Jewellery
 u - an amulet of magic regeneration
Scrolls
 b - 3 scrolls of immolation
 c - a scroll of fog {unknown}
 d - 3 scrolls of enchant armour
 h - a scroll of poison {unknown}
 n - 2 scrolls of silence {unknown}
 r - 2 scrolls of enchant weapon
 w - a scroll of butterflies
 x - a scroll of blinking {unknown}
 y - a scroll of brand weapon {unknown}
Potions
 e - a potion of might {unknown}
 f - a potion of berserk rage {unknown}
 g - a potion of invisibility {unknown}
 k - 2 potions of curing
 l - a potion of magic
 m - a potion of degeneration {unknown}
 o - 2 potions of ambrosia {unknown}
 q - a potion of cancellation {unknown}
 s - a potion of resistance {unknown}
 t - 2 potions of haste {unknown}
 v - 2 potions of attraction {unknown}


   Skills:
 - Level 2.5 Fighting
 * Level 8.4 Ranged Weapons
 + Level 2.1 Armour
 - Level 1.7 Dodging
 - Level 1.2 Stealth
 - Level 5.7 Shields


You had 7 spell levels left.
You didn't know any spells.
Your spell library contained the following spells:

 Spells                   Type           Power      Damage    Failure   Level
 Call Canine Familiar     Summ           0%         N/A       100%        3
 Hailstorm                Conj/Ice       0%         3d3       100%        3
 Portal Projectile        Hex/Tloc       0%         N/A       100%        3
 Ice Form                 Ice/Tmut       0%         N/A       100%        4
 Leda's Liquefaction      Hex/Erth       0%         N/A       100%        4
 Simulacrum               Ice/Necr       0%         N/A       100%        6


Dungeon Overview and Level Annotations

Branches:
Dungeon (5/15)
 Temple: D:4-7

Altars:
Zin

Annotations:
D:3 1 runed translucent door, Crazy Yiuf


Innate Abilities, Weirdness & Mutations

You cannot be hasted, slowed, berserked, paralysed or teleported.
You can dig through walls and to a lower floor.
You have a pair of large antennae on your head. (SInv)
Your four strong arms can wield two-handed weapons with a shield.


Message History

Aim: an orc priest, wielding a +0 flail and wearing a +0 ring mail (heavily wounded, 69% to hit)
You shoot an arrow.
The arrow hits the orc priest but does no damage.
The orc priest is heavily wounded.
The orc priest hits you with a +0 flail.
* * * LOW HITPOINT WARNING * * *
Fire: a) +0 shortbow
Press: ? - help, Q - select action, (/) - cycle Shift-Dir - straight line, f/p - orc priest
Aim: an orc priest, wielding a +0 flail and wearing a +0 ring mail (heavily wounded, 69% to hit)
You shoot an arrow. The arrow barely misses the orc priest.
You block the orc priest's attack.
Okay, then.
Fire: a) +0 shortbow
Press: ? - help, Q - select action, (/) - cycle Shift-Dir - straight line, f/p - orc priest
Aim: an orc priest, wielding a +0 flail and wearing a +0 ring mail (heavily wounded, 69% to hit)
You shoot an arrow.
The arrow completely misses the orc priest.
The orc priest hits you but does no damage.
You block the orc priest's attack.
Fire: a) +0 shortbow
Press: ? - help, Q - select action, (/) - cycle Shift-Dir - straight line, f/p - orc priest
Aim: an orc priest, wielding a +0 flail and wearing a +0 ring mail (heavily wounded, 69% to hit)
You shoot an arrow. The arrow hits the orc priest.
The orc priest is severely wounded.
The orc priest closely misses you.
Fire: a) +0 shortbow
Press: ? - help, Q - select action, (/) - cycle Shift-Dir - straight line, f/p - orc priest
Aim: an orc priest, wielding a +0 flail and wearing a +0 ring mail (severely wounded, 69% to hit)
You shoot an arrow.
The arrow closely misses the orc priest.
The orc priest hits you with a +0 flail.
* * * LOW HITPOINT WARNING * * *
The orc priest looks satisfied for a moment.
Fire: a) +0 shortbow
Press: ? - help, Q - select action, (/) - cycle Shift-Dir - straight line, f/p - orc priest
Aim: an orc priest, wielding a +0 flail and wearing a +0 ring mail (severely wounded, 69% to hit)
You shoot an arrow. The arrow hits the orc priest.
The orc priest is almost dead.
The orc priest hits you with a +0 flail!
You die...

.....#.. ##....... .........
#..{o.... ......#..
#####........ .......#
#............ #......## #o#
##.###### #.......# ##.##...
#.......## #...##..
#).......##### #####....##$.
.............###@o)....###$.
#........##.....)......# .o(
# .........####......#...#
#.# ## .........#
#......##.## #.##.
.........# #..>.#.##.# #.{#
.........# #...##.##.# ####
.........# #.####..#..
........## ### ......
#####.### ###


You could see an orc priest.

Vanquished Creatures
  Eustachio (D:5)
  A sky beast (D:5)
  Blork the orc (D:4)
  A scorpion (D:5)
  A jelly (D:5)
  An orc priest (D:4)
  Ijyb (D:3)
  3 iguanas
  An orc wizard (D:4)
  Robin (D:4)
  15 gnolls
  3 adders
  An ufetubus (D:5)
  2 worms
  2 dart slugs
  11 orcs
  8 bats
  9 endoplasms
  7 giant cockroaches
  37 goblins
  33 hobgoblins
  5 jackals
  3 quokkas
  9 ball pythons
  4 frilled lizards
  11 kobolds
  4 rats
176 creatures vanquished.

Notes
Turn   | Place    | Note
-------+----------+-------------------------------------------
     0 | D:1      | greasedhog the Formicid Hunter began the quest for the Orb.
     0 | D:1      | Reached XP level 1. HP: 16/16 MP: 1/1
   105 | D:1      | Reached XP level 2. HP: 23/23 MP: 2/2
   455 | D:1      | Reached XP level 3. HP: 28/28 MP: 3/3
   538 | D:2      | Reached skill level 1 in Shields
   983 | D:2      | Found a glowing silver altar of Zin.
  1090 | D:3      | Reached skill level 5 in Ranged Weapons
  1090 | D:3      | Reached XP level 4. HP: 34/34 MP: 4/4
  1270 | D:3      | Found a faded altar of an unknown god.
  1522 | D:3      | Reached XP level 5. HP: 31/39 MP: 5/5
  1706 | D:3      | Noticed Ijyb
  1733 | D:3      | Killed Ijyb
  1815 | D:3      | Found a runed translucent door.
  1816 | D:3      | Noticed Crazy Yiuf
  2533 | D:4      | Reached skill level 6 in Ranged Weapons
  2533 | D:4      | Reached XP level 6. HP: 46/46 MP: 6/6
  2747 | D:4      | Noticed Blork the orc
  2758 | D:4      | Killed Blork the orc
  3219 | D:4      | Noticed Robin
  3223 | D:4      | Killed Robin
  3344 | D:4      | Reached XP level 7. HP: 51/51 MP: 7/7
  3819 | D:4      | Reached skill level 7 in Ranged Weapons
  4027 | D:4      | Identified the +4 ring mail of Cogaonuc {*Corrode Str+2
                  | Dex+3}
  4195 | D:4      | Reached skill level 5 in Shields
  4972 | D:5      | Entered Level 5 of the Dungeon
  5625 | D:5      | Reached XP level 8. HP: 48/57 MP: 8/8
  5674 | D:5      | Reached skill level 8 in Ranged Weapons
  5674 | D:5      | Reached skill level 1 in Armour
  5724 | D:5      | Noticed Eustachio
  5758 | D:5      | Killed Eustachio
  5949 | D:5      | Slain by an orc priest

Illustrated notes

Levels and vault maps discovered:
D:1:      co_arrival_square_in_a_square_in_a_square, layout_rooms, st_stairs_14,
          kennysheep_crisscross
D:2:      layout_loops_ring, basic_altar
D:3:      layout_loops_ring, dreamdust_ecumenical_altar_grove, uniq_ijyb,
          uniq_crazy_yiuf_cottage
D:4:      minmay_goblin_kobold_castle, layout_cave_pods, kennysheep_path_1,
          uniq_blork_the_orc, uniq_robin
D:5:      layout_cave_pods, guppyfry_early_orc_mine, uniq_menkaure,
          uniq_eustachio

Skill      XL: |  1  2  3  4  5  6  7  8 |
---------------+-------------------------+-----
Shields        | 2 3 4 5 |  5.7
Ranged Weapons | 5 6 7 8 |  8.4
Armour         | 2 |  2.1
Fighting       | |  2.5
Dodging        | |  1.7
Stealth        | |  1.2

Action                     |  1- 3 |  4- 6 |  7- 9 || total
---------------------------+-------+-------+-------++-------
  Melee: Dagger            |       |     3 |       ||     3
         Shortbow          |       |     1 |       ||     1
   Fire: Shortbow          |   105 |   213 |   277 ||   595
         Sling             |       |    18 |       ||    18
Ability: Dig               |     1 |       |       ||     1
    Use: Scroll            |       |     5 |     2 ||     7
 Armour: Ring mail         |     5 |    33 |    63 ||   101
         Leather armour    |     5 |       |       ||     5
  Dodge: Dodged            |    22 |    45 |    76 ||   143
  Block: Tower shield      |    37 |   130 |   209 ||   376

Table legend: (Time is in decaauts)
 A = Elapsed time spent in this place.
 B = Non-inter-level travel time spent in this place.
 C = Inter-level travel time spent in this place.
 D = Time resting spent in this place.
 E = Time spent auto-exploring this place.
 F = Levels seen in this place.
 G = Mean time per level.
                   A        B        C        D        E       F      G
               +--------+--------+--------+--------+--------+-----+--------+
         Total |   6287 |   6118 |    169 |   1383 |   3230 |   5 | 1257.4 |
       Dungeon |   6287 |   6118 |    169 |   1383 |   3230 |   5 | 1257.4 |
               +--------+--------+--------+--------+--------+-----+--------+

Top non-repeatable levels by time:
     D:4: 2535 daAuts
     D:3: 1703 daAuts
     D:5: 908 daAuts
     D:2: 593 daAuts
     D:1: 546 daAuts
